 Dungeon Crawl Stone Soup version 0.30-a0-377-g5cb311bc9f (webtiles) character file.

Game seed: 7202045571934267572

43810 SmokeWeed the Thrower (level 13, -3/114 HPs)
             Began as a Minotaur Fighter on Nov 28, 2022.
             Was the Champion of Okawaru.
             Shot with an arrow by a deep elf knight (9 damage)
             ... on level 1 of the Elven Halls.
             The game lasted 01:25:43 (12891 turns).

SmokeWeed the Thrower (Minotaur Fighter)           Turns: 12891, Time: 01:25:47

Health: -3/114     AC: 21    Str: 32    XL:     13   Next: 92%
Magic:  20/23      EV: 17    Int: 10    God:    Okawaru [******]
Gold:   928        SH: 11    Dex: 17    Spells: 12/12 levels left

rFire   + . .      SeeInvis .    U - +9 staff of Olgreb {rPois∞}
rCold   + + .      Faith    .    g - +3 buckler of Zuuttull {Str+4}
rNeg    + . .      Spirit   .    Q - +1 chain mail "Kisoa" {rN+ MP+9 Dex+2}
rPois   ∞          Reflect  .    J - -1 hat of Toidud {-Cast +Blink rC++ Str+3}
rElec   .          Harm     .    P - +2 cloak {Stlth+}
rCorr   .          Rampage  .    t - +2 pair of gloves
Will    ++++.      Rage     50%  (no boots)
Stlth   ++........ NoCast   +    D - necklace of Bloodlust {*Rage Will++ Int-3 Slay+6}
HPRegen 0.39/turn                c - +6 ring of dexterity
MPRegen 0.18/turn                w - ring "Vallud Fara" {rF+ Will++ Dex+2 Stlth+}

@: heroic, on berserk cooldown
A: horns 2, retaliatory headbutt, clever 2, screaming 1
a: Renounce Religion, Evoke Blink, Evoke the Staff of Olgreb, Heroism, Finesse,
Duel


You were on level 1 of the Elven Halls.
You worshipped Okawaru.
Okawaru was exalted by your worship.
You visited 4 branches of the dungeon, and saw 18 of its levels.
You also visited: Sewer and Bailey.

You collected 1793 gold pieces.
You spent 865 gold pieces at shops.

Inventory:

Hand Weapons
 b - the +5 long sword of Rapresehic {freeze, rElec Str+2}
   (You found it on level 4 of the Dungeon)

   It freezes those it strikes, dealing additional cold damage.
   It can also slow down cold-blooded creatures.
   Str:       It affects your strength (+2).
   rElec:     It insulates you from electricity.
 k - the +4 long sword of True Grit {vorpal, +Blink rF+ Int+4}
   (Okawaru gifted it to you on level 12 of the Dungeon)

   It inflicts extra damage upon your enemies.
   Int:       It affects your intelligence (+4).
   rF:        It protects you from fire.
   +Blink:    It lets you blink.
 s - the +10 quarterstaff of the Shark {pain, *Noise rN+++ Dex+2 Stlth+}
   (You found it on level 4 of the Dungeon)

   In the hands of one skilled in necromantic magic, it inflicts extra damage on
   living creatures.
   Dex:       It affects your dexterity (+2).
   rN:        It renders you almost immune to negative energy.
   *Noise:    It may make noises in combat.
   Stlth:     It makes you more stealthy.
 v - a +5 whip
 H - a +4 scimitar
 U - the +9 staff of Olgreb (weapon) {rPois∞}
   (You acquired it on level 9 of the Dungeon)

   If the wielder is skilled in Evocations, they can envenom those struck by it,
   dealing poison damage which bypasses armour.
   It enhances your poison magic.
   It grants immunity to poison.
   It can be activated via the 'a'bility menu to radiate toxic energy, with
   effectiveness depending on Evocations skill.
 V - the +9 great sword of Upheaval {holy, rC+ Dex+4}
   (You found it on level 10 of the Dungeon)

   It has been blessed by the Shining One to cause great damage to the undead
   and demons.
   Dex:       It affects your dexterity (+4).
   rC:        It protects you from cold.
 Z - a +4 vampiric great sword
Missiles
 y - 25 poisoned darts
 I - 19 boomerangs
 K - 5 javelins (quivered)
 L - 10 atropa-tipped darts
 O - 6 curare-tipped darts
 R - 4 silver javelins
 W - 2 datura-tipped darts
Armour
 g - the +3 buckler of Zuuttull (worn) {Str+4}
   (You bought it in a shop on level 2 of the Orcish Mines)

   Str:       It affects your strength (+4).
 t - a +2 pair of gloves (worn)
 J - the -1 hat of Toidud (worn) {-Cast +Blink rC++ Str+3}
   (Okawaru gifted it to you on level 2 of the Orcish Mines)

   Str:       It affects your strength (+3).
   rC:        It greatly protects you from cold.
   +Blink:    It lets you blink.
   -Cast:     It prevents spellcasting.
 P - a +2 cloak of stealth (worn)
 Q - the +1 chain mail "Kisoa" (worn) {rN+ MP+9 Dex+2}
   (You bought it in a shop on level 2 of the Orcish Mines)

   Dex:       It affects your dexterity (+2).
   rN:        It protects you from negative energy.
   MP:        It affects your magic capacity (+9).
Jewellery
 c - a +6 ring of dexterity (left hand)
 n - a ring of poison resistance
 w - the ring "Vallud Fara" (right hand) {rF+ Will++ Dex+2 Stlth+}
   (You found it on level 5 of the Dungeon)

   [ring of protection from fire]

   Dex:       It affects your dexterity (+2).
   rF:        It protects you from fire.
   Will:      It greatly increases your willpower.
   Stlth:     It makes you more stealthy.
 D - the necklace of Bloodlust (around neck) {*Rage Will++ Int-3 Slay+6}
   (You found it on level 6 of the Dungeon)

   [amulet of nothing]

   It extends the wearer's berserk rage when killing foes.
   Int:       It affects your intelligence (-3).
   Slay:      It affects your accuracy & damage with ranged weapons and melee
   (+6).
   *Rage:     It berserks you when you make melee attacks (+50% chance).
   Will:      It greatly increases your willpower.
 F - a +6 ring of intelligence
 T - a ring of flight
 X - a +4 ring of protection
Wands
 a - a wand of polymorph (8)
 h - a wand of quicksilver (6)
 N - a wand of flame (13)
Scrolls
 e - a scroll of enchant weapon
 m - a scroll of brand weapon {unknown}
 q - 2 scrolls of magic mapping
 u - 4 scrolls of identify
 A - 3 scrolls of amnesia
 C - a scroll of blinking
 M - 2 scrolls of teleportation
 S - a scroll of fear
Potions
 d - a potion of might
 f - 2 potions of mutation
 i - 12 potions of curing
 j - 3 potions of lignification
 l - 4 potions of berserk rage
 o - 2 potions of heal wounds
 p - a potion of haste
 r - 2 potions of cancellation
 x - 2 potions of ambrosia
 z - 3 potions of magic
 B - a potion of flight
 E - a potion of resistance


   Skills:
 * Level 10.5(15.5) Fighting
 + Level 8.4(13.4) Long Blades
 - Level 5.3(11.8) Maces & Flails
 + Level 6.6(12.5) Staves
 * Level 12.9(17.9) Throwing
 * Level 12.4(17.4) Armour
 * Level 8.9(13.9) Dodging
 + Level 1.5(6.5) Stealth
 * Level 10.0(15.0) Shields
 + Level 3.4 Invocations
 * Level 5.5 Evocations


You had 12 spell levels left.
You didn't know any spells.
Your spell library contained the following spells:

 Spells                   Type           Power      Damage    Failure   Level
 Storm Form               Tmut/Air       0%         N/A       100%        7
 Maxwell's Capacitive Co  Air            0%         ∞         100%        8
 Summon Lightning Spire   Summ/Air       Unusable   N/A       N/A         4

Dungeon Overview and Level Annotations

Branches:
Dungeon (13/15)            Temple (1/1) D:4            Lair (0/5) D:10
    Orc (2/2) D:12            Elf (2/3) Orc:2         Sewer (visited)
 Bailey (visited)
 Vaults: D:13-14

Altars:
Cheibriados
Dithmenos
Elyvilon
Fedhas
Gozag
Hepliaklqana
Kikubaaqudgha
Nemelex Xobeh
Okawaru
Qazlal
Ru
Sif Muna
Uskayaw
Vehumet
Wu Jian
Xom
Yredelemnul
Zin
The Shining One

Shops:
D:7 [   D:8 *   D:9 !   Orc:2 =:[*   Elf:2 :

Annotations:
D:6 2 runed translucent doors, Groverdextrious's ghost, amateur OpRe


Innate Abilities, Weirdness & Mutations

You have a pair of horns on your head.
You reflexively headbutt those who attack you in melee.
Your mind is very acute. (Int +8, Str/Dex -2)
You occasionally shout uncontrollably at your foes.


Message History

Found Roaburev's Book Boutique.
Found a stone staircase leading down.
There is a stone staircase leading up here.
You feel like a meek peon again.
The fire elemental completely misses you.
You furiously retaliate!
You headbutt the fire elemental.
You climb upwards.
There is a stone staircase leading down here.
You feel yourself speed up.
There is a stone staircase leading down here.
You climb downwards.
The deep elf knight shouts!
The deep elf zephyrmancer shouts!
The deep elf knight shouts!
The deep elf zephyrmancer shouts!
A water elemental comes into view.
The deep elf knight barely misses you. You furiously retaliate!
You headbutt the deep elf knight!
The deep elf knight points at you and mumbles some strange words.
You block the shard of ice.
Found a scroll of enchant armour and 5 boomerangs.
There is a stone staircase leading up here.
The deep elf knight casts a spell at you.
The shard of ice hits you! You partially resist.
* * * LOW HITPOINT WARNING * * *
The deep elf zephyrmancer hits you but does no damage.
The deep elf knight hits you but does no damage. x2
You climb upwards.
There is a stone staircase leading down here.
You gain the combat prowess of a mighty hero.
The deep elf knight hits you but does no damage.
The deep elf zephyrmancer barely misses you.
The deep elf knight closely misses you. You furiously retaliate!
You headbutt the deep elf knight!!
The deep elf knight hits you with a +0 short sword!
* * * LOW HITPOINT WARNING * * *
Blink to where?
Press: ? - help, Dir - move target
As you read the scroll of blinking, it crumbles to dust.
The deep elf knight unwields a +0 short sword.
The deep elf knight wields a +0 longbow.
The deep elf knight shoots an arrow.
The arrow hits you!
You die...

#.....'.......#
#..#..#######.# #.###.# #.##
#..#..# ..# ##### #..)..#
#.###...### ### #..#..#
#.#.......#####.## #.###.#
#...........##.#.## #).#..#
#...........#.###§##
))....########..@....>....##
##..
#######..................##
##. #.##.###.#............##
##.#
#.##...)##........(..#.###...
#.##.###)#...........##.#....
#.##.## #.#.ee.....####..#...
#.#...####.#.#...#.# #.##...
#......##.###ee.###..........
#.......##.#.###.#.####.##.##


You could see 3 deep elf knights and a deep elf zephyrmancer.

Vanquished Creatures
  A deep elf sorcerer (Elf:1)
  Nessos (D:12)
  Fannar (Orc:1)
  3 ogre magi
  A catoblepas (D:10)
  11 two-headed ogres
  3 boulder beetles
  2 dancing weapons (Elf:1)
  An iron troll (Orc:2)
  A deep troll (Orc:2)
  10 deep elf pyromancers
  An orc knight (Bailey)
  5 deep elf zephyrmancers (Elf:1)
  An orc sorcerer (Orc:2)
  A manticore (D:11)
  An ugly thing (D:10)
  6 cyclopes
  Maurice (D:8)
  An unseen horror (D:10)
  A rime drake (shapeshifter) (D:10)
  A kobold demonologist (D:12)
  3 komodo dragons (D:10)
  A tengu conjurer (D:11)
  15 trolls
  A hornet (D:6)
  6 slime creatures
  2 vampires
  6 wraiths
  2 shadows
  A water elemental (D:12)
  A basilisk (D:10)
  2 wyverns
  12 yaks
  A vampire mosquito (D:11)
  An acid dragon (D:11)
  A water moccasin (D:8)
  3 ice beasts
  A swamp drake (D:10)
  17 orc warriors
  2 sky beasts
  23 ogres
  3 centaurs
  6 kobold brigands
  A scorpion (D:5)
  5 bullfrogs
  4 necrophages
  An earth elemental (Elf:1)
  11 wights
  2 killer bees (D:11)
  2 howler monkeys (D:11)
  2 jellies
  6 hounds
  16 orc priests
  A gnoll bouda (D:5)
  25 orc wizards
  2 iguanas
  12 gnolls
  9 adders
  4 shadow imps (D:7)
  3 white imps
  An ufetubus (D:6)
  3 dart slugs
  4 worms
  59 orcs
  6 bats
  6 endoplasms
  10 giant cockroaches
  9 goblins
  6 hobgoblins
  2 jackals (D:1)
  23 kobolds
  6 quokkas
  6 ball pythons
  8 frilled lizards
  8 rats
427 creatures vanquished.

Vanquished Creatures (others)
  An orc wizard (Orc:1)
  3 plants (D:10)
4 creatures vanquished.

Grand Total: 431 creatures vanquished

Notes
Turn   | Place    | Note
-------+----------+-------------------------------------------
     0 | D:1      | SmokeWeed the Minotaur Fighter began the quest for the Orb.
     0 | D:1      | Reached XP level 1. HP: 19/19 MP: 0/0
   125 | D:1      | Reached XP level 2. HP: 21/27 MP: 1/1
   428 | D:1      | Found a faded altar of an unknown god.
   632 | D:2      | Reached XP level 3. HP: 33/33 MP: 2/2
   946 | D:2      | Found an ornate altar of the Wu Jian Council.
  1147 | D:2      | Reached XP level 4. HP: 41/41 MP: 3/3
  1191 | D:2      | Gained mutation: You occasionally shout uncontrollably at
                  | your foes. [potion of mutation]
  1191 | D:2      | Gained mutation: Your mind is acute. (Int +4, Str/Dex -1)
                  | [potion of mutation]
  1191 | D:2      | Gained mutation: Your mind is very acute. (Int +8, Str/Dex
                  | -2) [potion of mutation]
  1859 | D:4      | Reached XP level 5. HP: 47/47 MP: 4/4
  1927 | D:4      | Identified the +10 quarterstaff of the Shark {pain, *Noise
                  | rN+++ Dex+2 Stlth+}
  2109 | D:4      | Noticed an ogre
  2119 | D:4      | Killed an ogre
  2120 | D:4      | Reached skill level 5 in Maces & Flails
  2120 | D:4      | Reached skill level 5 in Armour
  2120 | D:4      | Reached XP level 6. HP: 53/53 MP: 5/5
  2250 | D:4      | Found a hazy altar of Hepliaklqana.
  2257 | D:4      | Identified the +5 long sword of Rapresehic {freeze, rElec
                  | Str+2}
  2292 | D:4      | Found a staircase to the Ecumenical Temple.
  2304 | Temple   | Entered the Ecumenical Temple
  2397 | Temple   | Became a worshipper of Warmaster Okawaru
  2439 | D:4      | Reached skill level 1 in Staves
  2439 | D:4      | Reached skill level 1 in Dodging
  2841 | D:4      | You fall into a shaft and drop 1 floor!
  2841 | D:5      | Entered Level 5 of the Dungeon
  3007 | D:5      | Reached skill level 1 in Long Blades
  3012 | D:5      | Reached skill level 5 in Fighting
  3016 | D:5      | Reached XP level 7. HP: 40/61 MP: 6/6
  3304 | D:5      | Reached * piety under Okawaru
  3305 | D:5      | Reached skill level 5 in Shields
  3552 | D:5      | Identified the ring "Vallud Fara" {rF+ Will++ Dex+2 Stlth+}
  3784 | D:6      | Reached XP level 8. HP: 44/69 MP: 3/7
  3788 | D:6      | Reached skill level 5 in Long Blades
  3872 | D:6      | Found the necklace of Bloodlust {*Rage Will++ Int-3 Slay+6}
  3980 | D:6      | Found a glowing golden altar of the Shining One.
  4020 | D:6      | Found a snail-covered altar of Cheibriados.
  4060 | D:6      | Found a large runed translucent door.
  4061 | D:6      | Found a large runed translucent door.
  4064 | D:6      | Noticed Groverdextrious's ghost (amateur OpRe)
  4179 | D:6      | Found a glowing drain.
  4187 | Sewer    | Entered a sewer
  4372 | Sewer    | Reached ** piety under Okawaru
  4373 | Sewer    | Reached skill level 1 in Throwing
  4641 | D:7      | Noticed a hornet
  4657 | D:6      | Paralysed by a hornet for 1 turns
  4660 | D:6      | Killed a hornet
  4661 | D:6      | Reached XP level 9. HP: 33/78 MP: 6/8
  4923 | D:7      | Found Muemnielu's Antique Armour Shop.
  4931 | D:7      | Bought a pair of embroidered gloves for 210 gold pieces
  5169 | D:7      | Noticed a deep elf pyromancer
  5175 | D:7      | Killed a deep elf pyromancer
  5175 | D:7      | Reached *** piety under Okawaru
  5240 | D:8      | Received a gift from Okawaru
  5242 | D:8      | Reached skill level 5 in Dodging
  5361 | D:8      | Found a flagged portal.
  5370 | Bailey   | Entered a bailey
  5414 | Bailey   | Reached skill level 1 in Invocations
  5503 | Bailey   | Noticed an orc knight
  5509 | Bailey   | Reached skill level 1 in Stealth
  5510 | Bailey   | Killed an orc knight
  5510 | Bailey   | Reached **** piety under Okawaru
  5511 | Bailey   | Reached XP level 10. HP: 84/86 MP: 8/10
  5519 | Bailey   | Found an iron altar of Okawaru.
  5678 | D:8      | Noticed Maurice
  5705 | D:8      | Killed Maurice
  5706 | D:8      | Reached skill level 5 in Throwing
  5897 | D:8      | Found Deil Qou's Assorted Antiques.
  5908 | D:8      | Bought a scroll labelled GEDUGG LITOM for 28 gold pieces
  6053 | D:8      | Found a blossoming altar of Fedhas.
  6487 | D:9      | Received a gift from Okawaru
  6487 | D:9      | Reached ***** piety under Okawaru
  6610 | D:9      | Found a shadowy altar of Dithmenos.
  6781 | D:9      | Found Qiqono's Distillery.
  6873 | D:9      | Identified a scroll of acquirement
  6873 | D:9      | Acquired the +9 staff of Olgreb {rPois∞}
  6873 | D:9      | Found the +9 staff of Olgreb {rPois∞}
  6947 | D:10     | Entered Level 10 of the Dungeon
  6958 | D:10     | Identified the +9 great sword of Upheaval {holy, rC+ Dex+4}
  7056 | D:10     | Received a gift from Okawaru
  7133 | D:10     | Reached skill level 1 in Evocations
  7196 | D:10     | Reached XP level 11. HP: 94/94 MP: 11/11
  7245 | D:10     | Found a shimmering altar of Xom.
  7273 | D:10     | Noticed a red ugly thing
  7273 | D:10     | Noticed an ogre mage
  7273 | D:10     | Noticed a deep elf pyromancer
  7279 | D:10     | Killed a deep elf pyromancer
  7284 | D:10     | Killed an ogre mage
  7284 | D:10     | Received a gift from Okawaru
  7294 | D:10     | Killed a red ugly thing
  7408 | D:10     | Noticed a catoblepas
  7424 | D:10     | Killed a catoblepas
  7860 | D:10     | Reached skill level 10 in Armour
  7878 | D:10     | Received a gift from Okawaru
  7916 | D:10     | Found a staircase to the Lair.
  8350 | D:11     | Noticed a two-headed ogre
  8360 | D:11     | Killed a two-headed ogre
  8488 | D:11     | Noticed a boulder beetle
  8500 | D:11     | Killed a boulder beetle
  8750 | D:11     | Noticed a boulder beetle
  8756 | D:11     | Noticed a two-headed ogre
  8765 | D:11     | Killed a two-headed ogre
  8765 | D:11     | Received a gift from Okawaru
  8766 | D:11     | Reached XP level 12. HP: 103/103 MP: 6/12
  8778 | D:11     | Killed a boulder beetle
  8778 | D:11     | Received a gift from Okawaru
  9385 | D:12     | Noticed a boulder beetle
  9394 | D:12     | Killed a boulder beetle
  9674 | D:12     | Noticed a two-headed ogre
  9681 | D:12     | Killed a two-headed ogre
  9681 | D:12     | Identified the +4 long sword of True Grit {vorpal, +Blink
                  | rF+ Int+4} (Okawaru gifted it to you on level 12 of the
                  | Dungeon)
  9681 | D:12     | Received a gift from Okawaru
  9849 | D:12     | Noticed Nessos
  9855 | D:12     | Killed Nessos
  9878 | D:12     | Reached skill level 5 in Staves
  9973 | D:12     | Found a staircase to the Orcish Mines.
 10414 | Orc:1    | Entered Level 1 of the Orcish Mines
 10515 | Orc:1    | Noticed Fannar
 10526 | Orc:1    | Killed Fannar
 10526 | Orc:1    | Received a gift from Okawaru
 10527 | Orc:1    | Reached skill level 10 in Throwing
 11462 | Orc:2    | Entered Level 2 of the Orcish Mines
 11484 | Orc:2    | Found a staircase to the Elven Halls.
 11684 | Orc:2    | Noticed a two-headed ogre
 11684 | Orc:2    | Noticed an ogre mage
 11686 | Orc:2    | Noticed a two-headed ogre
 11688 | Orc:2    | Noticed a two-headed ogre
 11693 | Orc:2    | Reached XP level 13. HP: 97/112 MP: 1/14
 11710 | Orc:2    | Identified the -1 hat of Toidud {-Cast +Blink rC++ Str+3}
                  | (Okawaru gifted it to you on level 2 of the Orcish Mines)
 11710 | Orc:2    | Received a gift from Okawaru
 11727 | Orc:2    | Reached skill level 5 in Evocations
 11731 | Orc:2    | Reached skill level 10 in Fighting
 11946 | Orc:2    | Reached ****** piety under Okawaru
 11973 | Orc:2    | Found Vofrunimp's Book Shoppe.
 11976 | Orc:2    | Found Cor Pypn's General Store.
 11983 | Orc:2    | Found Yhuuhur's Jewellery Emporium.
 11984 | Orc:2    | Found Xotil's Antique Armour Shoppe.
 11999 | Orc:2    | Bought a potion of curing for 39 gold pieces
 12033 | Orc:2    | Bought a bloodstained buckler for 294 gold pieces
 12033 | Orc:2    | Identified the +3 buckler of Zuuttull {Str+4} (You bought
                  | it in a shop on level 2 of the Orcish Mines)
 12033 | Orc:2    | Bought an encrusted chain mail for 294 gold pieces
 12033 | Orc:2    | Identified the +1 chain mail "Kisoa" {rN+ MP+9 Dex+2} (You
                  | bought it in a shop on level 2 of the Orcish Mines)
 12514 | Elf:1    | Entered Level 1 of the Elven Halls
 12840 | Elf:1    | Noticed a deep elf sorcerer
 12855 | Elf:1    | Reached skill level 10 in Shields
 12858 | Elf:1    | Killed a deep elf sorcerer
 12876 | Elf:2    | Noticed a deep elf elementalist
 12876 | Elf:2    | Found Roaburev's Book Boutique.
 12891 | Elf:1    | Shot with an arrow by a deep elf knight

Illustrated notes

Levels and vault maps discovered:
D:1:      dpeg_arrival_rooms_c, layout_basic,
          shapermc_ecumenical_altar_flowoftime
D:2:      layout_rooms, basic_altar
D:3:      layout_rooms, hangedman_feature_mirror, corexii_hall_statues_i
D:4:      layout_basic, lemuel_coloured_pillars_altar,
          minmay_temple_entry_glassed_door, minmay_diced_spiral
D:5:      layout_loops_ring, dk_vineyard_1
D:6:      layout_cave_pools, kennysheep_mini_moat,
          nicolae_tso_swordbearing_angel, ebering_ghost_disaster_area,
          portal_sewer_entry_a, hex_medium
D:7:      layout_rooms, serial_shops, shop, serial_demonic, serial_demonic_d,
          serial_demonic_g, serial_demonic_e, serial_demonic_b, minivault_19,
          guppyfry_early_elven_hall
D:8:      layout_basic, fedhas_altar_3, enter_bailey_3, kennysheep_small_square,
          uniq_maurice
D:9:      layout_cave_pools, nicolae_dithmenos_shadow_blocks,
          kennysheep_small_circle
D:10:     layout_roguey, marbit_many_paths, erik_lair_dragon,
          minmay_shattered_shrine
D:11:     cheibrodos_barr_body, layout_loops_ring, st_stairs_11
D:12:     layout_basic, serial_co_window_serial, co_window_of_opportunity_a,
          co_window_paths_a, co_window_corner_a, co_window_paths_a,
          co_window_paths_a, co_window_corner_ca, co_window_2corner,
          co_window_2corner, co_window_4corner_b, glass_columns_a, uniq_nessos
D:13:     layout_stronghold, skrybe_vaults_entry_preservation, serial_bayou,
          serial_bayou_lagoon_a, serial_bayou_lagoon_b, serial_bayou_ford_a,
          serial_bayou_pond_a
Temple:   eino_temple_scatter_basement
Orc:1:    minmay_goldmine, layout_caves, uniq_fannar
Orc:2:    st_orc_open, layout_caves, nicolae_orc_stony_grotto,
          nicolae_orc_flooded_monolith
Elf:1:    eino_elf_arrival_customs, layout_loops_ring, gammafunk_ghost_cemetery,
          hangedman_elf_represent, minmay_shop_star, uniq_louise
Elf:2:    elven_hall_of_blades_hangedman_alternative [grunt_blade_entry_basic],
          layout_geoelf_diagonals, serial_shops, shop, shop, grunt_megastairs_5,
          minmay_shop_grove, uniq_agnes

Skill      XL: |  1  2  3  4  5  6  7  8  9 10 11 12 13 |
---------------+----------------------------------------+-----
Armour         | 4 5 6 7 8 9 10 11 12 | 12.4
Fighting       | 4 5 6 7 8 9 10 | 10.5
Maces & Flails | 3 4 5 |  5.3
Shields        | 4 5 6 7 8 9 10 | 10.0
Staves         | 2 3 5 6 |  6.6
Dodging        | 1 2 4 5 6 7 8 |  8.9
Long Blades    | 1 4 6 7 8 |  8.4
Throwing       | 2 4 7 9 10 12 | 12.9
Invocations    | 1 2 3 |  3.4
Stealth        | 1 |  1.5
Evocations     | 1 3 4 5 |  5.5

Action                   |  1- 3 |  4- 6 |  7- 9 | 10-12 | 13-15 || total
-------------------------+-------+-------+-------+-------+-------++-------
Melee: Dagger            |    15 |       |       |       |       ||    15
       Headbutt          |     6 |    11 |    23 |    60 |    20 ||   120
       Flail             |    71 |    44 |       |       |       ||   115
       Quarterstaff      |       |    18 |       |       |       ||    18
       Long sword        |       |    31 |   143 |    38 |       ||   212
       Staff             |       |       |       |   184 |    60 ||   244
Throw: Throwing net      |       |     3 |     3 |       |       ||     6
       Boomerang         |       |       |    58 |   247 |    63 ||   368
       Dart              |       |       |     5 |       |       ||     5
       Javelin           |       |       |     8 |    10 |     9 ||    27
Invok: Heroism           |       |       |    10 |    20 |     6 ||    36
       Finesse           |       |       |       |     1 |       ||     1
 Abil: Evoke the Staff o |       |       |       |    24 |     3 ||    27
       Evoke Blink       |       |       |       |       |     1 ||     1
  Use: Scroll            |     5 |     8 |     5 |     9 |     2 ||    29
       Potion            |       |     4 |     3 |     1 |     2 ||    10
 Stab: Invisible         |       |       |     1 |     2 |       ||     3
       Distracted        |       |       |       |     1 |       ||     1
Armor: Scale mail        |    36 |       |       |       |       ||    36
       Chain mail        |     3 |    52 |    89 |   115 |    17 ||   276
Dodge: Dodged            |    44 |    47 |    95 |    84 |    25 ||   295
Block: Buckler           |    15 |    13 |    52 |    65 |    21 ||   166

Table legend: (Time is in decaauts)
 A = Elapsed time spent in this place.
 B = Non-inter-level travel time spent in this place.
 C = Inter-level travel time spent in this place.
 D = Time resting spent in this place.
 E = Time spent auto-exploring this place.
 F = Levels seen in this place.
 G = Mean time per level.
                   A        B        C        D        E       F      G
               +--------+--------+--------+--------+--------+-----+--------+
         Total |  13339 |  12891 |    448 |   1732 |   8375 |  20 |  667.0 |
       Dungeon |  10087 |   9803 |    284 |   1291 |   6693 |  13 |  775.9 |
        Temple |    113 |     95 |     18 |      0 |     42 |   1 |  113.0 |
  Orcish Mines |   2105 |   1959 |    146 |    359 |   1201 |   2 | 1052.5 |
   Elven Halls |    390 |    390 |      0 |     41 |    208 |   2 |  195.0 |
         Sewer |    314 |    314 |      0 |      1 |    102 |   1 |  314.0 |
        Bailey |    327 |    327 |      0 |     39 |    128 |   1 |  327.0 |
               +--------+--------+--------+--------+--------+-----+--------+

Top non-repeatable levels by time:
    D:10: 1372 daAuts
   Orc:1: 1264 daAuts
    D:12: 1128 daAuts
    D:11: 1084 daAuts
     D:8: 1009 daAuts
     D:5: 924 daAuts
     D:4: 883 daAuts
   Orc:2: 841 daAuts
     D:2: 768 daAuts
     D:6: 762 daAuts
     D:1: 622 daAuts
     D:9: 518 daAuts
     D:7: 512 daAuts
     D:3: 490 daAuts
   Elf:1: 386 daAuts
